Map: Acid Plant LE

Players

Harstem

  • Race: Protoss Protoss
  • League: Master
  • Spawn Location: 11:00

Bunny - Winner!

  • Race: Terran Terran
  • League: Diamond
  • Spawn Location: 5:00

Event: HomeStory Cup XVII

VOD

Have the link to the VOD?

Description

Time

  • Played on: June 30, 2018, 5:35 p.m.
  • Length: 7:58

All games in this series

Show
View Real Time Build Order
Export as new Build Order

Harstem Protoss 

Build Orders: 1 Gate Expand, Oracle Opening, Zealot Archon 

Get SALT Encoding   

  12  0:00  Probe  
  13  0:13  Probe  
  14  0:18  Pylon  
  14  0:25  Probe  
  15  0:34  Probe  
  15  0:37  Gateway  
  15  0:42  Probe  
  16  0:47  Assimilator  
  17  0:51  Probe  
  18  1:03  Probe  
  19  1:15  Probe  
  20  1:24  Nexus  
  20  1:33  Cybernetics Core  
  20  1:37  Probe  
  21  1:43  Assimilator  
  21  1:49  Probe  
  21  1:53  Pylon  
  22  2:01  Probe  
  23  2:03  Adept  
  23  2:13  Probe  
  26  2:16  Stargate  
  26  2:25  Probe  
  26  2:29  Adept, Warp Gate  
  27  2:32  Probe  
  30  2:37  Probe  
  30  2:40  Probe  
  32  2:49  Probe  
  32  2:50  Oracle, Probe  
  33  3:01  Probe  
  33  3:02  Probe  
  38  3:09  Pylon  
  38  3:13  Probe  
  38  3:14  Probe  
  38  3:16  Gateway  
  40  3:23  Oracle, Gateway  
  40  3:26  Probe  
  40  3:27  Probe  
  45  3:38  Probe  
  45  3:39  Probe  
  47  3:50  Probe  
  47  3:53  Probe  
  49  3:56  Nexus  
  49  4:02  Probe  
  50  4:05  Probe  
  50  4:08  Pylon  
  51  4:12  Forge  
  51  4:14  Twilight Council  
  51  4:16  Probe  
  52  4:18  Probe  
  52  4:22  Pylon  
  53  4:24  Protoss Ground Armor Level 1  
  53  4:28  Probe  
  53  4:30  Assimilator, Probe  
  55  4:34  Assimilator  
  55  4:37  Charge  
  55  4:40  Probe  
  55  4:42  Probe  
  55  4:52  Probe  
  55  4:54  Probe  
  55  4:57  Sentry  
  55  4:58  Stalker x2  
  63  5:05  Probe  
  63  5:06  Probe  
  65  5:11  Gateway  
  65  5:12  Gateway x2  
  65  5:14  Probe  
  65  5:15  Pylon  
  65  5:18  Probe  
  67  5:21  Probe  
  67  5:26  Probe  
  69  5:30  Probe  
  69  5:35  Gateway  
  70  5:36  Probe  
  70  5:39  Gateway, Templar Archives  
  72  5:45  Robotics Facility  
  72  5:47  Pylon  
  71  5:50  Zealot x3  
  71  5:56  Pylon  
  77  5:58  Probe  
  77  5:59  Pylon  
  78  6:08  Zealot x2  
  82  6:12  Zealot  
  82  6:13  Zealot x3  
  82  6:16  Pylon  
  87  6:21  Oracle  
  90  6:28  Pylon  
  90  6:29  High Templar x2  
  90  6:31  Pylon  
  95  6:32  Immortal  
  95  6:33  Archon, Zealot  
  95  6:35  Zealot  
  95  6:37  Zealot  
  100  6:45  Zealot  
  106  6:52  Zealot  
  108  6:54  Zealot  
  108  6:59  Stalker, Zealot  
  108  7:00  Zealot  
  114  7:13  Zealot x3  
  118  7:17  Pylon  
  118  7:20  Pylon  
  110  7:24  Zealot x5  
  99  7:30  Phoenix  
  99  7:36  Probe  
  96  7:40  Zealot x7  
  104  7:50  Pylon  
Show
View Real Time Build Order
Export as new Build Order

Bunny Terran - Winner!

Build Orders: Reaper Expand, MMM Bio 

Get SALT Encoding   

  12  0:00  SCV  
  13  0:13  SCV  
  14  0:17  Supply Depot  
  14  0:25  SCV  
  15  0:38  SCV  
  15  0:39  Barracks  
  16  0:44  Refinery  
  16  0:50  SCV  
  17  1:02  SCV  
  18  1:15  SCV  
  19  1:27  Orbital Command, Reaper  
  20  1:40  Command Center  
  20  1:49  Supply Depot  
  20  1:52  SCV  
  21  1:59  Barracks Reactor  
  21  2:04  SCV  
  22  2:16  Command Center  
  22  2:20  SCV  
  23  2:32  SCV  
  23  2:35  Barracks  
  23  2:36  Marine x2  
  26  2:44  SCV  
  27  2:54  Marine x2  
  27  2:55  Orbital Command  
  27  2:56  SCV  
  30  3:02  Engineering Bay  
  30  3:08  SCV  
  30  3:12  Marine x2  
  33  3:20  Bunker  
  33  3:21  SCV x2  
  33  3:22  Barracks Tech Lab  
  34  3:30  Orbital Command, Marine  
  34  3:31  Marine  
  34  3:34  SCV  
  37  3:35  SCV  
  37  3:39  Missile Turret  
  38  3:42  Stimpack  
  38  3:43  Marine  
  38  3:47  SCV  
  38  3:48  SCV  
  41  3:50  Terran Infantry Weapons Level 1  
  41  3:57  SCV  
  41  3:59  SCV  
  41  4:01  Refinery, SCV  
  44  4:05  Factory  
  44  4:09  Refinery, SCV  
  45  4:11  Marine, SCV  
  45  4:12  Marine  
  45  4:13  Marine, SCV  
  50  4:18  Barracks  
  50  4:21  SCV  
  50  4:23  SCV  
  52  4:25  Supply Depot, SCV  
  52  4:30  Marine x2  
  52  4:31  Marine  
  55  4:34  Missile Turret, SCV  
  55  4:36  SCV  
  58  4:39  Refinery  
  58  4:41  Supply Depot  
  58  4:50  Marine  
  58  4:51  Marine x2  
  59  4:57  SCV x2  
  58  5:03  Factory Reactor  
  58  5:05  Starport, Orbital Command  
  58  5:09  Barracks  
  58  5:10  Supply Depot, SCV x2, Barracks  
  58  5:12  Marauder  
  62  5:14  Marine  
  62  5:16  Marine  
  64  5:24  Supply Depot, Barracks Tech Lab  
  64  5:29  SCV  
  64  5:30  SCV  
  64  5:33  Marine  
  64  5:34  Marauder, Marine  
  70  5:42  Combat Shields  
  70  5:44  Terran Infantry Armor Level 1  
  70  5:45  Concussive Shells  
  70  5:49  SCV  
  71  5:50  Medivac x2  
  71  5:51  Factory Reactor  
  71  5:52  Supply Depot  
  71  5:53  Supply Depot  
  71  5:54  Marauder  
  71  5:55  Marauder, Marine x2  
  81  5:58  Barracks Reactor, Barracks Tech Lab  
  81  6:02  Supply Depot  
  81  6:13  Marine x2  
  81  6:15  Marauder  
  81  6:16  Marauder  
  87  6:20  Medivac x2  
  87  6:23  Marauder  
  93  6:27  Widow Mine  
  93  6:28  Widow Mine  
  93  6:30  Supply Depot  
  93  6:31  Marine x2  
  99  6:37  Marauder  
  99  6:38  Marauder  
  103  6:41  Marine x2  
  103  6:44  Supply Depot  
  103  6:45  Marauder  
  107  6:49  Widow Mine, Marine x2  
  111  6:54  Medivac  
  111  6:55  Medivac  
  111  6:58  Marauder  
  111  6:59  Marine x2, Marauder  
  122  7:08  Marauder  
  122  7:09  Marine x2  
  122  7:11  Widow Mine  
  122  7:12  Widow Mine  
  128  7:19  Marauder  
  128  7:21  Marauder, Marine x2  
  127  7:27  Marine  
  127  7:29  Supply Depot  
  119  7:30  Supply Depot, Marauder, Marine  
  117  7:39  Marine  
Tags
 
Add a new tag
Caveats
  • Supply blocks, unpowered buildings, or Contaminate may cause inaccurate times.
  • Supply counts are checked every 10 seconds.